 Dungeon Crawl Stone Soup version 0.30.1-3-gfc49f6343a (webtiles) character file.

Game seed: 8762889850153593168

406 Zeor the Shooter (level 6, -6/53 (56) HPs)
             Began as a Naga Hunter on Aug 3, 2023.
             Mangled by a wight
             ... wielding a +0 battleaxe
              (16 damage)
             ... on level 4 of the Dungeon.
             The game lasted 00:09:57 (3253 turns).

Zeor the Shooter (Naga Hunter)                      Turns: 3253, Time: 00:09:57

HP:   -6/53 (56)    AC:  5    Str: 14    XL:     6   Next: 87%
MP:   6/6           EV: 10    Int:  9    God:
Gold: 81            SH:  0    Dex: 16    Spells: 5/5 levels left

rFire   . . .        b - +2 long sword (freeze)
rCold   . . .        (no shield)
rNeg    + . .        c - +1 leather armour
rPois   +            (no helmet)
rElec   .            h - +0 cloak
rCorr   .            (no gloves)
SInv    +            (no barding)
Will    .....        (no amulet)
Stlth   ++           e - +4 ring of slaying
HPRegen 0.28/turn    o - ring of positive energy
MPRegen 0.10/turn

%: no passive effects
@: drained, very slow
A: AC +2, large, see invisible, deformed body, poison resistance, slowness 2,
spit poison 1, naga tail 1
a: Spit Poison


You were on level 4 of the Dungeon.
You visited 1 branch of the dungeon, and saw 4 of its levels.

You collected 147 gold pieces.
You spent 66 gold pieces at shops.

Inventory:

Hand Weapons
 a - a +1 shortbow of electrocution
 b - a +2 long sword of freezing (weapon)
 p - a +2 dagger of speed
Missiles
 d - 3 curare-tipped darts
Armour
 c - a +1 leather armour (worn)
 h - a +0 cloak (worn)
Magical Staves
 q - a staff of poison
Jewellery
 e - a +4 ring of slaying (left hand)
 o - a ring of positive energy (right hand)
Scrolls
 j - a scroll of poison
 k - 2 scrolls of teleportation
 n - 2 scrolls of magic mapping
 t - a scroll of immolation
Potions
 f - 2 potions of cancellation
 g - a potion of ambrosia
 i - a potion of resistance {unknown}
 l - 2 potions of invisibility
 m - a potion of heal wounds {unknown}
 s - a potion of flight {unknown}


   Skills:
 + Level 3.0 Fighting
 + Level 6.2 Ranged Weapons
 + Level 1.8 Armour
 + Level 2.0 Dodging
 + Level 2.8 Stealth


You had 5 spell levels left.
You didn't know any spells.
Your spell library contained the following spells:

 Spells                   Type           Power      Damage    Failure   Level
 Stone Arrow              Conj/Erth      0%         3d7       83%         3
 Animate Armour           Summ/Erth      0%         N/A       99%         4
 Lehudib's Crystal Spear  Conj/Erth      0%         10d2      100%        8


Dungeon Overview and Level Annotations

Branches:
Dungeon (4/15)
 Temple: D:4-7

Altars:

Shops:
D:1 ?

Annotations:
D:3 1 runed translucent door, Crazy Yiuf


Innate Abilities, Weirdness & Mutations

Your serpentine skin is tough. (AC +2)
You have supernaturally acute eyesight. (SInv)
Armour fits poorly on your strangely shaped body.
Your system is resistant to poisons. (rPois)
You cover ground very slowly.
You can spit poison.
You have a snake-like lower body.


Message History

You shoot an arrow. The arrow hits the dart slug!
The dart slug is almost dead.
The dart slug launches a dart at you. The slug dart misses you.
You shoot an arrow. The arrow hits the dart slug!
You kill the dart slug!
You see here a dart slug corpse.
Found a dagger.
Found a stone staircase leading up.
You now have 81 gold pieces (gained 3). 2 wights come into view.
You shoot an arrow. The arrow hits the wight!
The wight is heavily damaged.
You shoot an arrow. The arrow hits the wight.
The wight is severely damaged.
The wight completely misses you.
You shoot an arrow. The arrow completely misses the wight.
The wight hits you with a +3 morningstar!
You partially resist.
You feel drained. The wight attacks as you move away!
The wight hits you with a +3 morningstar!
You partially resist.
You feel drained.
You shoot an arrow. The arrow barely misses the wight.
The arrow hits the wight.
Lightning courses through the wight!
You destroy the wight!
The wight hits you with a +0 battleaxe! You partially resist.
You feel drained.
Your Fighting skill increases to level 3!
You are too injured to fight recklessly!
Your +1 shortbow of electrocution stops crackling.
Your +2 long sword of freezing glows with a cold blue light!
b - a +2 long sword of freezing (weapon)
The wight hits you with a +0 battleaxe! You partially resist.
You feel drained.
You hit the wight.
The wight is moderately damaged.
The wight hits you with a +0 battleaxe!
* * * LOW HITPOINT WARNING * * *
You hit the wight.
The wight is heavily damaged.
The wight hits you with a +0 battleaxe!
You die...

▒∙▒ ▒∙▒ ▒∙▒ ▒∙▒
▒▒▒▒▒▒▒ ▒∙▒
▒▒▒▒▒▒▒▒▒▒
▒▒▒▒∙▒▒∙∙∙ ▒∙▒
▒▒▒▒∙∙∙∙∙∙∙∙∙
▒∙∙)▒∙∙∙∙▒
▒▒∙▒▒▒∙∙∙∙∙▒▒▒▒▒▒
▒∙∙▒▒▒∙∙∙▒
▒▒▒▒∙∙∙▒▒∙∙∙∙∙∙∙∙▒
▒▒∙▒▒ ▒▒∙∙▒
∙∙∙∙∙∙∙∙∙∙∙∙∙∙▒▒N▒
▒∙▒▒ ▒▒∙∙
▒▒▒▒∙∙∙▒▒∙∙∙∙∙▒▒z▒
▒▒∙▒▒ ▒▒∙∙▒
▒▒∙▒▒▒∙∙∙∙∙∙∙)∙∙∙∙▒
▒∙∙▒▒▒∙∙∙▒ ▒∙▒
▒▒▒▒▒▒▒▒∙▒▒▒▒▒
▒∙∙∙▒∙∙∙∙▒ ▒∙▒ ▒∙▒
▒▒▒▒∙▒▒∙∙∙ ▒■▒ ▒∙▒
▒∙▒▒▒▒▒ ▒∙▒ ▒∙▒▒
▒▒∙▒▒ ▒∙∙▒▒ ▒▒▒∙∙∙▒
▒▒▒▒▒∙∙▒▒▒


You could see a wight.

Vanquished Creatures
  Sigmund (D:3)
  A wight (D:4)
  A hound (D:4)
  A sleepcap (D:4)
  5 adders
  A worm (D:3)
  2 dart slugs
  3 orcs (D:4)
  9 endoplasms
  3 giant cockroaches
  6 goblins
  6 hobgoblins
  4 jackals (D:1)
  8 kobolds
  3 quokkas
  5 ball pythons
  5 bats
  2 frilled lizards
  7 rats
73 creatures vanquished.

Notes
Turn   | Place    | Note
-------+----------+-------------------------------------------
     0 | D:1      | Zeor the Naga Hunter began the quest for the Orb.
     0 | D:1      | Reached XP level 1. HP: 19/19 MP: 1/1
   131 | D:1      | Reached XP level 2. HP: 20/26 MP: 2/2
   210 | D:1      | Reached skill level 4 in Ranged Weapons
   450 | D:1      | Reached XP level 3. HP: 31/32 MP: 3/3
   989 | D:1      | Found Tomocsunep's Magic Scroll Emporium.
  1346 | D:2      | Reached XP level 4. HP: 39/39 MP: 4/4
  1484 | D:2      | Reached skill level 1 in Armour
  1680 | D:1      | Bought a scroll of teleportation for 33 gold pieces
  1680 | D:1      | Bought a scroll of teleportation for 33 gold pieces
  1802 | D:3      | Noticed Sigmund
  1974 | D:3      | Killed Sigmund
  1975 | D:3      | Reached skill level 5 in Ranged Weapons
  1975 | D:3      | Reached XP level 5. HP: 34/46 MP: 5/5
  1975 | D:3      | Reached XP level 6. HP: 40/55 MP: 6/6
  2527 | D:3      | Found a runed translucent door.
  2528 | D:3      | Noticed Crazy Yiuf
  2953 | D:4      | Reached skill level 6 in Ranged Weapons
  3253 | D:4      | Mangled by a wight

Illustrated notes

Levels and vault maps discovered:
D:1:      dpeg_arrival_court, layout_basic, serial_shops, shop
D:2:      layout_rooms
D:3:      layout_loops_ring, minmay_misc_feat_x, uniq_sigmund,
          uniq_crazy_yiuf_cottage
D:4:      layout_loops_corners

Skill      XL: |  1  2  3  4  5  6 |
---------------+-------------------+-----
Ranged Weapons | 4 5 6 |  6.2
Armour         | 1 |  1.8
Dodging        | 2 |  2.0
Stealth        | 2 |  2.8
Fighting       | 3 |  3.0

Action                     |  1- 3 |  4- 6 || total
---------------------------+-------+-------++-------
  Melee: Long sword        |       |     5 ||     5
   Fire: Shortbow          |    90 |    79 ||   169
Ability: Spit Poison       |     6 |     8 ||    14
    Use: Scroll            |     5 |     8 ||    13
         Potion            |       |     2 ||     2
 Armour: Leather armour    |     7 |    11 ||    18
  Dodge: Dodged            |    18 |    18 ||    36
